Map: [TLMC15] Berlingrad

Players

Lambo

  • Race: Zerg Zerg

Solar - Winner!

  • Race: Zerg Zerg

Event: StayAtHome Story Cup #4

VOD

Have the link to the VOD?

Description

Time

  • Played on: Oct. 23, 2021, 12:43 p.m.
  • Length: 8:35

All games in this series

Show
View Real Time Build Order
Export as new Build Order

Lambo Zerg 

Build Orders: Hatch First 

Get SALT Encoding   

  12  0:00  Drone  
  13  0:12  Overlord  
  13  0:17  Drone  
  14  0:31  Drone x2  
  16  0:47  Hatchery  
  15  0:50  Drone  
  15  0:54  Drone  
  17  1:08  Spawning Pool  
  17  1:11  Drone  
  17  1:12  Extractor  
  17  1:15  Drone  
  17  1:19  Drone  
  18  1:28  Drone  
  19  1:39  Drone  
  20  1:49  Drone  
  21  1:58  Queen  
  21  1:59  Drone, Queen  
  21  2:01  Overlord  
  26  2:10  Drone  
  26  2:11  Zergling x2  
  26  2:15  Metabolic Boost  
  28  2:21  Drone  
  28  2:22  Drone  
  30  2:33  Drone  
  30  2:34  Hatchery  
  30  2:37  Zergling x2  
  31  2:42  Drone  
  32  2:48  Overlord, Baneling Nest  
  31  2:53  Drone  
  31  2:54  Drone  
  33  3:05  Zergling x2  
  34  3:09  Drone x4  
  34  3:10  Zergling x2  
  34  3:11  Zergling x4  
  41  3:19  Overlord  
  41  3:29  Evolution Chamber  
  41  3:33  Baneling x2  
  39  3:36  Zergling x4  
  39  3:39  Roach Warren  
  39  3:40  Extractor  
  39  3:42  Drone x2  
  39  3:43  Drone x2  
  39  3:46  Zergling x6  
  46  3:52  Drone x2  
  46  3:54  Overlord  
  48  4:20  Roach x3  
  48  4:21  Overlord  
  53  4:24  Roach x5  
  63  4:37  Roach  
  64  4:38  Overlord  
  64  4:43  Roach x2  
  64  4:45  Overlord  
  68  4:46  Zergling x10  
  73  4:56  Zergling x2  
  73  5:01  Zergling x10  
  73  5:05  Baneling  
  78  5:07  Zergling x4  
  78  5:11  Baneling x6  
  80  5:15  Zergling x6  
  80  5:20  Baneling  
  77  5:27  Drone x3  
  81  5:35  Drone x5  
  72  5:43  Drone  
  72  5:44  Zerg Missile Weapons Level 1  
  65  5:50  Drone  
  65  5:51  Drone  
  65  5:52  Queen, Extractor  
  65  5:55  Extractor  
  58  5:59  Roach x5  
  66  6:09  Drone  
  69  6:11  Roach x2  
  69  6:16  Overlord  
  69  6:17  Roach x2  
  75  6:20  Overlord  
  79  6:25  Roach x2  
  79  6:26  Overlord  
  79  6:29  Overlord  
  79  6:30  Roach x2  
  83  6:39  Roach x3  
  89  6:48  Roach x3  
  89  6:50  Overlord  
  89  6:52  Roach  
  97  6:55  Zergling x6  
  97  6:56  Extractor  
  97  6:59  Zergling x6  
  102  7:01  Ravager  
  102  7:03  Zergling x2  
  104  7:10  Zergling x4  
  104  7:11  Ravager  
  104  7:13  Overlord  
  104  7:14  Zergling x10  
  113  7:17  Zergling x4  
  113  7:21  Zergling x4  
  117  7:24  Zergling x4  
  117  7:28  Ravager  
  117  7:29  Ravager  
  121  7:30  Zergling x4  
  123  7:38  Zergling x6  
  126  7:45  Zergling x8  
  126  7:48  Roach x3  
  126  7:52  Roach x3  
  126  7:57  Roach  
  126  7:58  Roach  
  128  8:01  Roach  
  128  8:04  Roach x2  
  130  8:09  Roach x2  
  116  8:12  Roach  
  116  8:14  Roach  
Show
View Real Time Build Order
Export as new Build Order

Solar Zerg - Winner!

Build Orders: Hatch First 

Get SALT Encoding   

  12  0:00  Drone  
  13  0:12  Overlord  
  13  0:17  Drone  
  14  0:30  Drone x2  
  16  0:47  Hatchery  
  15  0:51  Drone  
  15  0:55  Drone  
  17  0:58  Drone  
  18  1:09  Extractor  
  17  1:13  Spawning Pool  
  17  1:16  Drone  
  17  1:19  Drone  
  18  1:27  Drone  
  19  1:38  Drone  
  20  1:52  Drone  
  21  2:00  Queen x2  
  21  2:01  Overlord, Zergling x2  
  26  2:09  Metabolic Boost  
  26  2:10  Drone x2  
  28  2:21  Drone x2  
  30  2:31  Hatchery  
  29  2:38  Drone x2  
  31  2:44  Overlord  
  31  2:46  Drone  
  32  2:55  Drone x2  
  33  3:07  Drone x2  
  33  3:08  Zergling x2  
  33  3:09  Zergling x10  
  33  3:11  Baneling Nest  
  40  3:16  Zergling x2  
  40  3:17  Overlord  
  41  3:34  Drone x2  
  41  3:38  Zergling x2  
  44  3:41  Zergling x2  
  44  3:42  Drone x4  
  44  3:44  Queen  
  44  3:46  Drone x2  
  53  3:48  Zergling x2  
  53  3:51  Overlord  
  54  3:59  Baneling x2, Evolution Chamber  
  54  4:00  Drone x2  
  54  4:02  Drone  
  56  4:08  Zergling x4  
  57  4:11  Drone x3  
  57  4:13  Zergling x2  
  57  4:15  Baneling x2  
  57  4:16  Overlord  
  61  4:17  Drone  
  61  4:20  Extractor  
  61  4:21  Extractor  
  61  4:24  Roach Warren  
  59  4:27  Zergling x2  
  59  4:28  Drone x2  
  62  4:35  Zergling x2  
  62  4:38  Overlord x2  
  62  4:43  Drone x3  
  62  4:44  Overlord  
  62  4:45  Overlord  
  65  4:51  Baneling x2, Spine Crawler  
  63  5:03  Roach  
  63  5:04  Roach x5  
  63  5:06  Roach x2  
  76  5:07  Roach  
  76  5:13  Roach x2  
  82  5:20  Roach x3  
  81  5:22  Roach  
  81  5:24  Roach  
  81  5:28  Roach  
  86  5:33  Roach x2  
  89  5:39  Queen, Roach  
  83  5:44  Roach  
  83  5:45  Roach  
  83  5:46  Zergling x4  
  85  5:50  Roach  
  85  5:52  Roach  
  85  5:54  Roach, Zergling x2  
  84  6:03  Queen  
  84  6:04  Lair  
  84  6:06  Drone  
  84  6:09  Baneling  
  85  6:15  Overlord  
  85  6:18  Drone x4  
  88  6:22  Zerg Missile Weapons Level 1, Overlord  
  88  6:26  Overlord  
  88  6:28  Roach  
  88  6:31  Roach  
  92  6:37  Roach x2  
  92  6:39  Extractor  
  95  6:43  Roach  
  96  6:48  Roach x2  
  96  6:50  Roach x3  
  96  6:52  Roach x2  
  110  6:55  Zergling x4  
  110  6:57  Overlord  
  112  7:03  Glial Reconstitution  
  112  7:04  Overlord  
  112  7:07  Drone x2  
  113  7:10  Drone  
  113  7:12  Roach x3  
  120  7:17  Roach  
  122  7:24  Roach  
  122  7:25  Roach x4  
  122  7:27  Roach  
  122  7:29  Overlord  
  134  7:31  Roach  
  134  7:35  Zergling x2  
  137  7:38  Overlord  
  135  7:49  Roach x6  
  137  7:52  Roach x2  
  137  7:55  Roach x3  
  126  8:02  Roach x2  
  116  8:06  Roach  
  116  8:07  Roach  
  116  8:11  Roach  
  104  8:15  Roach  
Tags
 
Add a new tag
Caveats
  • Supply blocks, unpowered buildings, or Contaminate may cause inaccurate times.
  • Supply counts are checked every 10 seconds.